cohdb
Replays
Latest Replays
All Replays
Popular Replays
Top Player Replays
Match Explorer
How It Works
Community
CoH3 Stats
Reddit
Sign in to upload your games and track your stats! →
Sign in with Steam
Match 39616569
Unlisted
Match 39616569
Overview
Messages
Build Orders
End
Selects Panzerjäger Kommand Battlegroup
Panzergrenadier Squad
250 Light Carrier
Panzergrenadier Squad
Selects Mine Fields
Construct Light Support Kompanie
Selects Tank Busters
Panzerjäger Squad
Combat Half-tracks
Assault Mechanized Group
2.5-tonne Medical Truck
Construct Mechanized Kompanie
Selects Crew Shock Tactics
Veteran Squad Leaders
Crew Shock Tactics
Construct Panzerarmee Kommand
Panzerjäger Mechanized Group
Panzerpioneer Squad
Crew Shock Tactics
Armored Reserves
Panzer III L Medium Tank
Panzergrenadier Squad
Panzergrenadier Squad
Selects Elefant Tank Destroyer
Elefant Tank Destroyer
2.5-tonne Medical Truck
Tungsten Core Ammunition
Selects Defensive Positions
2.5-tonne Medical Truck
Selects Defensive Positions
Selects Butterfly Bomb Drop
Butterfly Bomb Drop
Panzer IV Assault Group
Butterfly Bomb Drop
2.5-tonne Medical Truck
Tiger Heavy Tank
Rapid Advance
Advanced Optics
Advanced Field Repairs
Imagine Wagons
KEMPACHI
Ambro
Genki
0
0
Comments
sign in to comment!
No comments posted yet!